 Dungeon Crawl Stone Soup version 0.31.0-11-ge490571c62 (webtiles) character file.

Game seed: 8397600822570583616

298752 Drazool the Imperceptible (level 20, -13/183 HPs)
             Began as a Naga Shapeshifter on Jan 27, 2024.
             Was the Champion of Cheibriados.
             Mangled by a war gargoyle
             ... wielding a +1 flail of holy wrath
             ... led by a peacekeeper
              (31 damage)
             ... on level 1 of the Vaults on Jan 28, 2024.
             The game lasted 03:40:40 (54338 turns).

Drazool the Imperceptible (Naga Shapeshifter)      Turns: 54338, Time: 03:40:41

Health: -13/183    AC: 13    Str: 36    XL:     20   Next: 97%
Magic:  27/34      EV: 22    Int: 33    God:    Cheibriados [******]
Gold:   4934       SH: 16    Dex: 37    Spells: 29/39 levels left

rFire   + .          .
                       - Unarmed
rCold   + . .        C - +1 kite shield {reflect}
rNeg    . . .        K - melded +3 plate armour
rPois   +            r - +2 helmet
rElec   .            x - scarf {rC+ rF+}
rCorr   +            w - +2 pair of gloves
SInv    +            (no barding)
Will    +++..        Z - amulet of the acrobat
Stlth   +++++++++    M - ring "Tufriez" {Will+ Slay+3}
HPRegen 0.50/turn    e - ring "Qieqosmakeu" {rCorr Str+4 Int+6 Dex+4}
MPRegen 0.24/turn

%: reflection, acrobat
@: maw-form, flying, studying 2 skills, very slow
A: devouring maw, AC +6, large, see invisible, deformed body, poison resistance,
slowness 2, spit poison 1, naga tail 2
}: 2/15 runes: decaying, serpentine
a: Spit Poison, Begin Untransformation, Renounce Religion, Bend Time, Temporal
Distortion, Slouch, Step From Time


You were on level 1 of the Vaults.
You worshipped Cheibriados.
Cheibriados was exalted by your worship.
You were a creature with a mouth for a stomach.
You visited 8 branches of the dungeon, and saw 35 of its levels.
You also visited: Bailey and Ice Cave.

You collected 5228 gold pieces.
You spent 294 gold pieces at shops.


Innate Abilities, Weirdness & Mutations

You are a creature with a mouth for a stomach.
Your midsection houses a second, enormous mouth.
Your serpentine skin is tough. (AC +6)
You have supernaturally acute eyesight. (SInv)
Armour fits poorly on your strangely shaped body.
Your system is resistant to poisons. (rPois)
You cover ground very slowly.
You can spit poison.
You can use your snake-like lower body to constrict enemies.


   Skills:
 - Level 12.0 Fighting
 - Level 4.0 Throwing
 - Level 4.0 Armour
 - Level 10.0 Dodging
 + Level 21.3 Stealth
 - Level 6.0 Shields
 - Level 17.1 Unarmed Combat
 - Level 10.0 Spellcasting
 - Level 17.0 Translocations
 - Level 7.0 Invocations
 - Level 4.0 Evocations
 - Level 14.0 Shapeshifting


You had 29 spell levels left.
You knew the following spells:

 Your Spells              Type           Power      Damage    Failure   Level
i - Dispersal             Tloc           45%        N/A       1%          6
m - Manifold Assault      Tloc           91%        N/A       1%          4

Your spell library contained the following spells:

 Spells                   Type           Power      Damage    Failure   Level
 Gell's Gravitas          Tloc           91%        N/A       0%          3
 Teleport Other           Tloc           91%        N/A       0%          3
 Vhi's Electric Charge    Tloc/Air       100%       N/A       1%          4
 Freeze                   Ice            64%        1d7       4%          1
 Magic Dart               Conj           64%        1d6       4%          1
 Shock                    Conj/Air       64%        1d7       4%          1
 Slow                     Hex            64%        N/A       4%          1
 Sting                    Conj/Alch      64%        1d7       4%          1
 Call Imp                 Summ           32%        N/A       7%          2
 Ensorcelled Hibernation  Hex/Ice        32%        N/A       7%          2
 Jinxbite                 Hex            32%        N/A       7%          2
 Mercury Vapours          Alch/Air       32%        N/A       7%          2
 Searing Ray              Conj           32%        2d5       7%          2
 Static Discharge         Conj/Air       32%        3-5/arc   7%          2
 Sublimation of Blood     Necr           16%        N/A       7%          2
 Confusing Touch          Hex            16%        N/A       14%         3
 Dazzling Flash           Conj/Hex       32%        N/A       14%         3
 Frozen Ramparts          Ice            32%        1d5       14%         3
 Fugue of the Fallen      Necr           16%        N/A       14%         3
 Hailstorm                Conj/Ice       16%        3d6       14%         3
 Mephitic Cloud           Conj/Alch/Air  16%        N/A       14%         3
 Ozocubu's Armour         Ice            16%        N/A       14%         3
 Sigil of Binding         Hex            16%        N/A       14%         3
 Summon Ice Beast         Ice/Summ       16%        N/A       14%         3
 Swiftness                Air            16%        N/A       14%         3
 Vampiric Draining        Necr           16%        2d7       14%         3
 Disjunction              Tloc           45%        N/A       28%         8
 Airstrike                Air            8%         2d(2-18)  41%         4
 Anguish                  Hex/Necr       8%         N/A       41%         4
 Cause Fear               Hex            8%         N/A       41%         4
 Fulminant Prism          Conj/Alch      8%         3d7       41%         4
 Ignite Poison            Fire/Alch      16%        N/A       41%         4
 Leda's Liquefaction      Alch/Erth      8%         N/A       41%         4
 Olgreb's Toxic Radiance  Alch           16%        N/A       41%         4
 Petrify                  Alch/Erth      16%        N/A       41%         4
 Sticky Flame             Fire/Alch      16%        2d5       41%         4
 Summon Lightning Spire   Summ/Air       16%        N/A       41%         4
 Arcjolt                  Conj/Air       8%         1d18      77%         5
 Curse of Agony           Necr           16%        N/A       77%         5
 Fireball                 Conj/Fire      8%         3d6       77%         5
 Irradiate                Conj/Alch      8%         3d14      77%         5
 Metabolic Englaciation   Hex/Ice        8%         N/A       77%         5
 Silence                  Hex/Air        8%         N/A       77%         5
 Yara's Violent Unravell  Hex/Alch       8%         3d5       77%         5
 Sculpt Simulacrum        Ice/Alch       8%         N/A       100%        6
 Enfeeble                 Hex            8%         N/A       100%        7
 Haunt                    Necr/Summ      8%         N/A       100%        7
 Ozocubu's Refrigeration  Ice            8%         4d9       100%        7
 Summon Hydra             Summ           8%         N/A       100%        7
 Borgnjor's Revivificati  Necr           8%         N/A       100%        8
 Ignition                 Fire           8%         3d5       100%        8
 Maxwell's Capacitive Co  Air            8%         ∞         100%        8
 Death's Door             Necr           8%         N/A       100%        9
 Dragon's Call            Summ           8%         N/A       100%        9
 Polar Vortex             Ice            8%         12d1*     100%        9

Inventory:

Missiles
 o - 2 silver javelins
 t - 3 throwing nets {=f}
 N - 51 boomerangs
Armour
 r - a +2 helmet (worn)
 w - a +2 pair of gloves (worn)
 x - a scarf of resistance (worn)
 C - a +1 kite shield of reflection (worn)
 K - a +3 plate armour (melded)
Jewellery
 c - a ring of ice
 e - the ring "Qieqosmakeu" (right hand) {rCorr Str+4 Int+6 Dex+4}
   (You found it on level 2 of the Snake Pit)

   [ring of intelligence]

   Str+4:     It affects your strength (+4).
   Int+6:     It affects your intelligence (+6).
   Dex+4:     It affects your dexterity (+4).
   rCorr:     It protects you from acid and corrosion.
 D - a +6 ring of dexterity
 F - a ring of protection from fire
 L - a ring of flight
 M - the ring "Tufriez" (left hand) {Will+ Slay+3}
   (You found it on level 2 of the Swamp)

   [ring of willpower]

   Slay+3:    It affects your accuracy & damage with ranged weapons and melee
   (+3).
   Will+:     It increases your willpower.
 S - an amulet of magic regeneration
 Z - an amulet of the acrobat (around neck)
Talismans
 h - the flux talisman of Sufficient Birdsong {rElec}
   (You found it on level 15 of the Dungeon)

   [flux talisman]

   rElec:     It insulates you from electricity.
 p - a maw talisman (active)
 X - the serpent talisman of Context {Fly rF+ Dex-3}
   (You took it off Aizul on level 4 of the Snake Pit)

   [serpent talisman]

   Dex-3:     It affects your dexterity (-3).
   rF+:       It protects you from fire.
   Fly:       It grants you flight.
Wands
 y - a wand of mindburst (23)
 H - a wand of paralysis (13)
 J - a wand of digging (3)
 T - a wand of quicksilver (9)
 U - a wand of flame (36)
 W - a wand of iceblast (39)
Scrolls
 f - 2 scrolls of fog
 j - 3 scrolls of teleportation {@r2}
 l - 2 scrolls of fear
 q - 5 scrolls of enchant weapon
 s - 3 scrolls of amnesia
 v - 4 scrolls of butterflies
 A - 5 scrolls of immolation
 E - 6 scrolls of revelation
 G - 2 scrolls of brand weapon
 P - 2 scrolls of vulnerability
 Q - 3 scrolls of poison
Potions
 a - 3 potions of mutation
 b - 2 potions of brilliance
 d - 6 potions of heal wounds {@q2}
 g - 6 potions of enlightenment
 k - 11 potions of curing {@q1}
 m - 6 potions of invisibility
 n - 4 potions of attraction
 u - 3 potions of resistance
 z - 4 potions of berserk rage {!q}
 B - 3 potions of cancellation
 I - 8 potions of might
 O - 3 potions of lignification
 V - 3 potions of ambrosia
 Y - 3 potions of magic
Miscellaneous
 i - a phantom mirror
 R - a box of beasts

Dungeon Overview and Level Annotations

Branches:
Dungeon (15/15)            Temple (1/1) D:4            Lair (5/5) D:9
  Swamp (4/4) Lair:3        Snake (4/4) Lair:3        Slime (0/5) Lair:5
    Orc (2/2) D:11            Elf (3/3) Orc:2        Vaults (1/5) D:14
 Depths (0/4) D:15         Bailey (visited)           IceCv (visited)

Altars:
Ashenzari
Cheibriados
Dithmenos
Elyvilon
Fedhas
Gozag
Hepliaklqana
Kikubaaqudgha
Makhleb
Nemelex Xobeh
Okawaru
Qazlal
Ru
Sif Muna
Trog
Uskayaw
Vehumet
Wu Jian
Xom
Yredelemnul
Zin
The Shining One
Jiyva

Shops:
D:5 :   D:8 *   Orc:2 (!:   Elf:3 !

Portals:
Trove: D:13 (give +3 storm dragon scales)

Annotations:
D:7 1 runed translucent door, Crazy Yiuf
D:11 4 transporters
D:15 1 runed translucent door, yetimobile's ghost, adept TrWr
Lair:1 3 runed translucent doors, mycrawlcharacter's ghost, journeyman MiBe
Lair:3 1 runed translucent door, osinmv's ghost, journeyman OnBe
Lair:5 4 runed translucent doors, Hairutzoic's ghost, journeyman MiBe
Swamp:4 3 runed translucent doors, peterlawrence's ghost, adept MiFi; puppykicker's ghost, adept OnSu
Orc:2 3 runed translucent doors, zenocrate's ghost, journeyman VSEn
Elf:2 3 runed translucent doors
Vaults:1 3 runed translucent doors, Yore's ghost, adept GrFi

▒▒.▒▒▒)▒▒ ▒..≈▒ .~....~.≈
▒...)...▒ ▒..▒▒▒▒.8..8~≈▒
▒▒.▒▒▒)▒▒ ▒..'9~+p9~~.≈≈▒
▒▒▒▒▒▒▒▒▒'▒▒▒▒▒▒..'~~+.9p~.≈≈▒
▒....▒.........'..▒▒▒▒Z89.8~≈▒
▒....▒.........▒..≈▒ .ZZ...~.≈
▒▒▒..'........Z▒..▒▒≈.[▒++▒?.≈
▒..▒........9▒▒▒▒▒≈≈≈▒ ≈≈
▒..▒........W▒ ▒▒▒▒▒ ▒
▒..'.........▒ ▒▒▒▒.........▒
▒.........▒ ▒▒▒▒▒▒▒▒.........▒
QC..▒..▒.........▒
▓N▓C▒..▒.........▒
8.8.▒..▒.........▒
..Hm+..▒.........▒


You could see a war gargoyle and a stone giant zombie.


Message History

As you read the scroll of teleportation {@r2}, it crumbles to dust.
You feel strangely unstable.
Unknown command.
You feel much better.
Unknown command.
You feel much better.
You block the crystal guardian's attack.
The vault sentinel shouts!
Unknown command.
You closely miss the vault sentinel. You grab the vault sentinel.
You constrict the vault sentinel, but do no damage.
The peacekeeper roars!
The vault sentinel hits you with a +0 long sword.
The crystal guardian hits you!!
* * * LOW HITPOINT WARNING * * *
Unknown command.
You punch the vault sentinel! You bite the vault sentinel!
The vault sentinel is heavily wounded.
Your surroundings suddenly seem different.
You lose your grip on something.
Unknown command.
The war gargoyle launches metal splinters at you.
The spray of metal splinters hits you!!!
* * * LOW HITPOINT WARNING * * *
You hit the war gargoyle. You grab the war gargoyle.
You bite the war gargoyle, but do no damage.
The war gargoyle is lightly damaged.
You constrict the war gargoyle, but do no damage.
The war gargoyle hits you with a +1 flail of holy wrath!!
You die...

Skill      XL: |  1  2  3  4  5  6  7  8  9 10 11 12 13 14 15 16 17 18 19 20 |
---------------+-------------------------------------------------------------+-----
Unarmed Combat | 4 5 10 12 13 15 16 17 | 17.1
Fighting       | 2 3 5 8 9 10 12 | 12.0
Stealth        | 4 7 10 12 21 | 21.3
Shapeshifting  | 4 7 8 9 10 12 14 | 14.0
Invocations    | 1 5 6 7 |  7.0
Dodging        | 4 6 7 9 10 | 10.0
Evocations     | 4 |  4.0
Translocations | 8 10 12 14 17 | 17.0
Spellcasting   | 4 8 10 | 10.0
Armour         | 4 |  4.0
Throwing       | 4 |  4.0
Shields        | 6 |  6.0

Action                     |  1- 3 |  4- 6 |  7- 9 | 10-12 | 13-15 | 16-18 | 19-21 || total
---------------------------+-------+-------+-------+-------+-------+-------+-------++-------
  Melee: Unarmed           |    46 |    96 |   299 |   639 |  1124 |  1437 |   874 ||  4515
         Punch             |     4 |     7 |    17 |       |       |    19 |       ||    47
         Constrict         |       |       |       |       |   161 |   139 |   124 ||   424
         Maw               |       |       |       |       |       |    90 |   261 ||   351
  Throw: Dart              |       |       |     7 |       |       |     1 |       ||     8
   Cast: Manifold Assault  |       |       |       |       |   369 |   813 |   296 ||  1478
 Invoke: Slouch            |       |       |       |     3 |    13 |    10 |     2 ||    28
         Bend Time         |       |       |       |       |       |     1 |       ||     1
Ability: Spit Poison       |    29 |    63 |    42 |    69 |    40 |     1 |       ||   244
  Evoke: Wand              |       |       |     5 |       |     4 |     6 |     5 ||    20
    Use: Scroll            |     1 |       |    11 |     8 |     5 |    16 |    10 ||    51
         Potion            |       |       |     4 |     5 |     1 |     8 |     2 ||    20
   Stab: Sleeping          |       |       |     4 |     4 |     2 |     8 |    20 ||    38
         Distracted        |       |       |       |     1 |     1 |     2 |       ||     4
         Fleeing           |       |       |       |       |       |     1 |       ||     1
 Armour: Animal skin       |    21 |    11 |       |       |       |       |       ||    32
         Ring mail         |       |    66 |   227 |       |       |     2 |       ||   295
         Skin              |       |       |    34 |   305 |   306 |   293 |   218 ||  1156
  Dodge: Dodged            |    12 |    45 |   137 |   444 |   573 |   599 |   297 ||  2107
  Block: Kite shield       |       |       |       |       |       |     5 |   316 ||   321
         Reflection        |       |       |       |       |       |       |    45 ||    45
   Form: Beast             |       |     2 |       |     1 |       |       |       ||     3
                           |       |     1 |       |     1 |       |     2 |     1 ||     5
         Flux              |       |       |     1 |     1 |       |     2 |     1 ||     5
         Maw               |       |       |       |       |       |     1 |     4 ||     5
         Serpent           |       |       |       |       |       |     1 |     3 ||     4

Levels and vault maps discovered:
D:1:      eino_arrival_water_star, layout_loops_ring,
          shapermc_ecumenical_altar_starsandcircs
D:2:      layout_loops_ring, basic_altar, kennysheep_cross_bottleneck
D:3:      layout_basic, uniq_robin
D:4:      lemuel_castle_with_subvaults [lemuel_castle_interior_carwin_3],
          layout_cave_pools, tso_metal_star, minmay_temple_entry_tees,
          kennysheep_donut, uniq_edmund, uniq_natasha, uniq_duvessa
D:5:      nicolae_cairo_tiling, layout_basic, nicolae_custom_books
D:6:      layout_rooms, minmay_fractal_squares_diagonal_5
D:7:      layout_loops_cross, enter_bailey_6, uniq_prince_ribbit1, uniq_pikel,
          uniq_maggie, uniq_crazy_yiuf_cottage
D:8:      layout_loops_cross, grunt_temple_overflow_order_and_chaos_2,
          nicolae_elyvilon_peaceful_grove, nicolae_shop_gadgets
D:9:      layout_basic, fedhas_ov_isle_minmay, dpeg_oklobed_lair
D:10:     layout_stronghold, hangedman_ru_absence
D:11:     layout_loops_corners, orc_0_dummy, nicolae_transporter_circle,
          uniq_snorg
D:12:     layout_cave_pools, uniq_jorgrun, uniq_rupert, uniq_psyche
D:13:     layout_cave_pods, trove_entry_hex_spiral, nicolae_uskayaw_suspiria
D:14:     regret_index_reflect_refract, layout_cave_pods,
          lightli_vaults_fourway_checkpoint, hex_medium, uniq_frances
D:15:     hangedman_depths_entry_civil_slaughter, layout_basic,
          grunt_gozag_breadcrumbs, ebering_ghost_xom, uniq_agnes
Temple:   regret_index_temple_sphere_string
Lair:1:   minmay_lair_venomous_thicket, layout_big_grid,
          gammafunk_ghost_hydra_chop, infiniplex_staircase_pool_2, uniq_harold
Lair:2:   layout_layer_cave
Lair:3:   layout_roguey, mainiacjoe_swamp_entry_angry_trees,
          nicolae_snake_entry_warm_welcome, gauntlet_entry_generic,
          gammafunk_ghost_grave
Lair:4:   layout_regular_city, minmay_shattered_shrine, grunt_megastairs_4,
          infiniplex_staircase_pool, uniq_kirke
Lair:5:   gammafunk_lair_ancient_temple, layout_cave_shapes, slime_entry_2,
          ebering_ghost_rock_garden, grunt_megastairs_1
Swamp:1:  layout_basic_swamp, evilmike_swamp_ruin_house_5, swamp_pool_5
Swamp:2:  layout_falls_marsh, hangedman_swamp_ruin_hall
Swamp:3:  layout_basic_swamp, nicolae_swamp_some_circles, swamp_pool_1_2
Swamp:4:  swamp_pestilence, layout_basic_swamp, gammafunk_ghost_cemetery,
          swamp_pool_3, uniq_bai_suzhen, uniq_louise
Snake:1:  layout_misc_corridors, uniq_nikola
Snake:2:  layout_onion
Snake:3:  layout_honeycomb
Snake:4:  grunt_snake_rune_spirals, layout_onion, uniq_aizul
Orc:1:    orc_temple, layout_caves, portal_ice_cave_entry_ice_simulacra
Orc:2:    st_orc_town, layout_diamond_mine, basic_altar,
          maelrawn_ghost_gauntlet_escape
Elf:1:    elf_arrival_002, layout_geoelf_octagon, nicolae_elf_crossing_hall,
          uniq_asterion
Elf:2:    nicolae_elf_blades_crystal_corner, layout_gridlike
Elf:3:    minmay_elf_hall_spiked, layout_loops_ring, serial_shops, shop
Vaults:1: gammafunk_ghost_fury_of_okawaru, nicolae_vaults_lightning_bolt,
          ontoclasm_vaults_water_temple, nicolae_vaults_offset_grid_hallway_2,
          ontoclasm_vaults_ring_small, hangedman_vaults_impose,
          nicolae_vaults_more_shelving_1, hangedman_vaults_corner_blocks,
          vaults_room_corners, nicolae_vaults_tangram_1,
          nicolae_vaults_network_periphery, nicolae_vaults_tetromino_Z_1,
          vaults_room_door_hall, v_misc_13, nicolae_vaults_trapezoid_4,
          nicolae_vaults_house_2, nicolae_vaults_tetromino_L_1,
          vaults_room_corners, layout_vaults_omnibox

Notes
Turn   | Place    | Note
-------+----------+-------------------------------------------
     0 | D:1      | Drazool the Naga Shapeshifter began the quest for the Orb.
     0 | D:1      | Reached XP level 1. HP: 18/18 MP: 1/1
   169 | D:1      | HP: 1/18 [goblin/+0 club (3)]
   278 | D:1      | Found a faded altar of an unknown god.
   400 | D:1      | Reached XP level 2. HP: 23/25 MP: 2/2
   689 | D:1      | Reached skill level 4 in Unarmed Combat
   797 | D:1      | Reached XP level 3. HP: 31/31 MP: 3/3
   854 | D:2      | Found a shadowy altar of Dithmenos.
  1544 | D:3      | Reached XP level 4. HP: 38/38 MP: 4/4
  1575 | D:3      | Noticed Robin
  1634 | D:3      | Killed Robin
  1635 | D:3      | Reached skill level 5 in Unarmed Combat
  2214 | D:4      | Reached skill level 2 in Fighting
  2214 | D:4      | Reached XP level 5. HP: 46/46 MP: 5/5
  2237 | D:4      | Reached skill level 3 in Fighting
  2364 | D:4      | Reached skill level 1 in Stealth
  2438 | D:4      | Reached skill level 3 in Stealth
  2451 | D:4      | Found a staircase to the Ecumenical Temple.
  2458 | Temple   | Entered the Ecumenical Temple
  2471 | Temple   | Became a worshipper of Cheibriados the Contemplative
  2567 | D:4      | Reached skill level 4 in Stealth
  2567 | D:4      | Reached XP level 6. HP: 56/56 MP: 6/6
  2583 | D:4      | Reached skill level 5 in Stealth
  2622 | D:4      | Reached * piety under Cheibriados
  2693 | D:4      | Reached skill level 6 in Stealth
  2799 | D:4      | Reached skill level 7 in Stealth
  2919 | D:4      | Reached XP level 7. HP: 62/62 MP: 7/7
  3023 | D:4      | Reached ** piety under Cheibriados
  3033 | D:4      | Reached skill level 8 in Stealth
  3327 | D:4      | Noticed Duvessa
  3335 | D:5      | Entered Level 5 of the Dungeon
  3381 | D:5      | Reached skill level 9 in Stealth
  3527 | D:5      | Reached skill level 10 in Stealth
  3626 | D:5      | Reached skill level 4 in Shapeshifting
  3626 | D:5      | Reached XP level 8. HP: 22/69 MP: 8/8
  3934 | D:4      | Reached skill level 5 in Shapeshifting
  4186 | D:5      | Reached *** piety under Cheibriados
  4360 | D:5      | Found Zykiys's Self-Published Books.
  4758 | D:6      | Reached skill level 6 in Shapeshifting
  4882 | D:6      | Noticed a wyvern
  4892 | D:6      | Killed a wyvern
  4893 | D:6      | Reached skill level 7 in Shapeshifting
  5196 | D:6      | Reached XP level 9. HP: 60/75 MP: 9/9
  5205 | D:6      | Reached skill level 6 in Unarmed Combat
  5578 | D:6      | Reached skill level 7 in Unarmed Combat
  5651 | D:6      | Reached **** piety under Cheibriados
  5816 | D:6      | Noticed a hornet
  5838 | D:6      | Killed a hornet
  5839 | D:6      | Reached skill level 8 in Unarmed Combat
  6482 | D:7      | Found a flagged portal.
  6487 | D:7      | Reached skill level 9 in Unarmed Combat
  6492 | D:7      | Noticed Maggie
  6518 | D:7      | Killed Maggie
  6534 | D:7      | Reached skill level 10 in Unarmed Combat
  6534 | D:7      | Reached XP level 10. HP: 65/84 MP: 10/10
  6604 | Bailey   | Entered a bailey
  6690 | Bailey   | Reached ***** piety under Cheibriados
  6743 | Bailey   | Noticed an orc knight
  6781 | Bailey   | Killed an orc knight
  6782 | Bailey   | Reached skill level 11 in Unarmed Combat
  6807 | Bailey   | Noticed an orc knight
  6814 | Bailey   | HP: 10/126 [orc knight/+0 war axe (14)]
  6818 | Bailey   | Killed an orc knight
  7052 | Bailey   | HP: 7/84 [orc warrior/+0 broad axe (18)]
  7362 | Bailey   | Found a bloodstained altar of Trog.
  7445 | D:7      | Noticed Pikel
  7453 | D:7      | Killed Pikel
  7454 | D:7      | Reached skill level 12 in Unarmed Combat
  7830 | D:7      | Noticed Prince Ribbit
  7846 | D:7      | Killed Prince Ribbit
  7847 | D:7      | Reached skill level 4 in Fighting
  8187 | D:7      | Found a runed translucent door.
  8188 | D:7      | Noticed Crazy Yiuf
  8362 | D:8      | Reached skill level 5 in Fighting
  8370 | D:8      | Reached skill level 1 in Invocations
  8376 | D:8      | Reached XP level 11. HP: 87/93 MP: 6/12
  8379 | D:8      | Reached skill level 2 in Invocations
  8471 | D:8      | Found a white marble altar of Elyvilon.
  8493 | D:8      | Reached skill level 3 in Invocations
  8806 | D:8      | Noticed a cacodemon
  8807 | D:8      | Found a burning altar of Makhleb.
  8813 | D:8      | Found a glowing silver altar of Zin.
  8813 | D:8      | Noticed an angel
  8884 | D:8      | Reached skill level 4 in Invocations
  8960 | D:8      | Found Ukeogiugh's Gadget Gallery.
  9449 | D:9      | Reached skill level 5 in Invocations
  9452 | D:9      | Reached skill level 2 in Dodging
  9542 | D:9      | Reached skill level 3 in Dodging
  9679 | D:9      | Found a blossoming altar of Fedhas.
  9749 | D:9      | Found a staircase to the Lair.
  9758 | D:9      | Reached skill level 4 in Dodging
 10158 | D:10     | Entered Level 10 of the Dungeon
 10356 | D:10     | Reached skill level 11 in Stealth
 10494 | D:10     | Found a sacrificial altar of Ru.
 10536 | D:10     | Reached skill level 12 in Stealth
 10542 | D:10     | Reached ****** piety under Cheibriados
 11339 | Lair:1   | Entered Level 1 of the Lair of Beasts
 11469 | Lair:1   | Reached skill level 8 in Shapeshifting
 11488 | Lair:1   | Reached skill level 1 in Evocations
 11632 | Lair:1   | Reached skill level 2 in Evocations
 11700 | Lair:1   | Noticed a wolf spider
 11707 | Lair:1   | Killed a wolf spider
 11708 | Lair:1   | Reached skill level 3 in Evocations
 11997 | Lair:1   | Reached skill level 4 in Evocations
 12041 | Lair:1   | Reached XP level 12. HP: 102/103 MP: 15/15
 12066 | Lair:1   | Reached skill level 6 in Fighting
 12324 | Lair:1   | Reached skill level 7 in Fighting
 12509 | Lair:1   | Reached skill level 9 in Shapeshifting
 12664 | Lair:1   | Found a runed translucent gate.
 12665 | Lair:1   | Found a runed translucent gate.
 12666 | Lair:1   | Found a runed translucent gate.
 12666 | Lair:1   | Noticed a nine-headed hydra
 12667 | Lair:1   | Noticed mycrawlcharacter's ghost (journeyman MiBe)
 12692 | Lair:1   | Identified a scroll of acquirement
 12727 | Lair:1   | Reached skill level 5 in Dodging
 12996 | Lair:1   | Reached skill level 6 in Dodging
 13050 | Lair:1   | Noticed Harold
 13069 | Lair:1   | Killed Harold
 13511 | Lair:1   | Reached skill level 13 in Unarmed Combat
 13996 | Lair:2   | Reached skill level 8 in Fighting
 14187 | Lair:2   | Reached skill level 6 in Invocations
 14187 | Lair:2   | Gained mutation: You can use your snake-like lower body to
                  | constrict enemies. [Naga growth]
 14187 | Lair:2   | Reached XP level 13. HP: 117/117 MP: 11/17
 14269 | Lair:2   | Learned a level 4 spell: Manifold Assault
 14487 | Lair:2   | Reached skill level 7 in Invocations
 14506 | Lair:2   | Reached skill level 1 in Translocations
 15170 | Lair:3   | Reached skill level 2 in Translocations
 15198 | Lair:3   | Reached skill level 3 in Translocations
 15311 | Lair:3   | Reached skill level 4 in Translocations
 15403 | Lair:3   | Reached skill level 5 in Translocations
 15643 | Lair:3   | Found a runed translucent door.
 15644 | Lair:3   | Noticed osinmv's ghost (journeyman OnBe)
 15723 | Lair:3   | Reached skill level 6 in Translocations
 15993 | Lair:3   | Found a staircase to the Swamp.
 16000 | Lair:3   | Reached skill level 7 in Translocations
 16284 | Lair:3   | Found a staircase to the Snake Pit.
 16748 | Lair:4   | Reached skill level 8 in Translocations
 16750 | Lair:4   | Reached skill level 1 in Spellcasting
 16759 | Lair:4   | Reached skill level 2 in Spellcasting
 16801 | Lair:4   | Reached skill level 3 in Spellcasting
 16840 | Lair:4   | Identified the +1 ring mail of Pessimism {Int+4 Dex+4
                  | Slay-4}
 16874 | Lair:4   | Identified the +7 whip of Insufficient Pleasure {freeze,
                  | rElec rPois Will- MP+9}
 16946 | Lair:4   | Reached skill level 4 in Spellcasting
 17085 | Lair:4   | Reached skill level 7 in Dodging
 17202 | Lair:4   | Reached XP level 14. HP: 108/126 MP: 20/20
 17347 | Lair:4   | Reached skill level 5 in Spellcasting
 17723 | Lair:4   | Noticed Kirke
 17728 | Lair:4   | Reached skill level 6 in Spellcasting
 17751 | Lair:4   | Killed Kirke
 18452 | Lair:5   | Entered Level 5 of the Lair of Beasts
 18466 | Lair:5   | Reached skill level 10 in Shapeshifting
 18667 | Lair:5   | Reached skill level 9 in Translocations
 18949 | Lair:5   | Found a runed translucent door.
 18950 | Lair:5   | Found a viscous altar of Jiyva.
 18950 | Lair:5   | Noticed an azure jelly
 18963 | Lair:5   | Reached skill level 10 in Translocations
 19007 | Lair:5   | Found a staircase to the Slime Pits.
 19116 | Lair:5   | HP: 6/126 [komodo dragon (25)]
 19332 | Lair:5   | Paralysed by a hornet for 3 turns
 19509 | Lair:5   | Found a runed translucent gate.
 19513 | Lair:5   | Found a runed translucent gate.
 19513 | Lair:5   | Found a runed translucent gate.
 19513 | Lair:5   | Noticed Hairutzoic's ghost (journeyman MiBe)
 19627 | Lair:5   | Found the +8 Vampire's Tooth {megavamp}
 19783 | Lair:5   | Reached skill level 7 in Spellcasting
 19975 | Lair:5   | Reached skill level 8 in Spellcasting
 19986 | Lair:5   | Reached skill level 9 in Fighting
 19986 | Lair:5   | Reached XP level 15. HP: 81/135 MP: 13/27
 20662 | D:11     | Found a transporter.
 20811 | D:11     | Found a transporter.
 20823 | D:11     | Found a transporter.
 20825 | D:11     | Found a transporter.
 21105 | D:11     | Found a staircase to the Orcish Mines.
 21124 | D:11     | Noticed Snorg
 21135 | D:11     | Killed Snorg
 21559 | Orc:1    | Entered Level 1 of the Orcish Mines
 21605 | Orc:1    | Reached skill level 10 in Fighting
 21877 | Orc:1    | Found a frozen archway.
 21921 | IceCv    | Entered an ice cave
 22405 | IceCv    | Identified a scarf of resistance
 22489 | Orc:1    | Noticed an orc warlord
 22504 | Orc:1    | Killed an orc warlord
 22871 | Orc:1    | Reached skill level 14 in Unarmed Combat
 23249 | Orc:2    | Entered Level 2 of the Orcish Mines
 23305 | Orc:2    | Found a runed translucent gate.
 23306 | Orc:2    | Found a runed translucent gate.
 23307 | Orc:2    | Found a runed translucent gate.
 23326 | Orc:2    | Noticed zenocrate's ghost (journeyman VSEn)
 23724 | Orc:2    | Reached skill level 15 in Unarmed Combat
 23818 | Orc:2    | Found Qupromyu's Antique Weapon Shop.
 24205 | Orc:2    | Found Obriwkaz's Book Shop.
 24206 | Orc:2    | Found Fufos's Distillery.
 24267 | Orc:2    | Found a staircase to the Elven Halls.
 24366 | Orc:2    | Reached skill level 11 in Translocations
 24649 | D:12     | Noticed Rupert
 24951 | Snake:1  | Entered Level 1 of the Snake Pit
 25251 | Snake:1  | Reached skill level 12 in Translocations
 25253 | Snake:1  | Reached XP level 16. HP: 144/146 MP: 0/28
 25432 | Snake:1  | Noticed Nikola
 25459 | Snake:1  | Killed Nikola
 25725 | Snake:1  | Reached skill level 9 in Spellcasting
 26851 | Snake:2  | Reached skill level 10 in Spellcasting
 27633 | Snake:2  | Identified the ring "Qieqosmakeu" {rCorr Str+4 Int+6 Dex+4}
 27775 | Snake:2  | Reached skill level 16 in Unarmed Combat
 28564 | Snake:2  | HP: 14/146 [naga sharpshooter/arrow (3)]
 28564 | Snake:2  | HP: 3/146 [naga sharpshooter/arrow (11)]
 28565 | Snake:2  | HP: 1/146 [poisoned by a naga sharpshooter (splash of
                  | poison)]
 28570 | Snake:2  | HP: 6/146 [naga sharpshooter/splash of poison (5)]
 28571 | Snake:2  | HP: 2/146 [poisoned by a naga sharpshooter (splash of
                  | poison)]
 28910 | Snake:2  | Reached skill level 8 in Dodging
 29475 | Snake:3  | Reached skill level 9 in Dodging
 30257 | Snake:4  | Entered Level 4 of the Snake Pit
 30284 | Snake:4  | Identified the serpent talisman of Context {Fly rF+ Dex-3}
 30284 | Snake:4  | Noticed Aizul
 30342 | Snake:4  | Killed Aizul
 30343 | Snake:4  | Reached XP level 17. HP: 124/153 MP: 26/31
 30653 | Snake:4  | Reached skill level 10 in Dodging
 31376 | Snake:4  | Reached skill level 11 in Shapeshifting
 32524 | Snake:4  | Reached skill level 12 in Shapeshifting
 32579 | Snake:4  | Reached skill level 1 in Armour
 32977 | Snake:4  | Reached skill level 2 in Armour
 33084 | Snake:4  | Reached skill level 3 in Armour
 33512 | Snake:4  | Identified 3 potions of resistance
 33635 | Snake:4  | Reached skill level 4 in Armour
 33970 | Snake:4  | HP: 15/154 [naga sharpshooter/arrow (11)]
 33970 | Snake:4  | HP: 7/154 [nagaraja/poison arrow (8)]
 34674 | Snake:4  | Reached skill level 11 in Fighting
 34811 | Snake:4  | Got a serpentine rune of Zot
 35289 | D:12     | Noticed Jorgrun
 35302 | D:11     | Killed Jorgrun
 35724 | D:12     | Killed Rupert
 35863 | D:12     | Reached skill level 12 in Fighting
 36038 | D:12     | Noticed Psyche
 36042 | D:12     | Killed Psyche
 36043 | D:12     | Reached XP level 18. HP: 165/168 MP: 17/32
 36508 | D:13     | Found a hide-covered altar of Uskayaw.
 36863 | D:13     | Found a portal to a secret trove of treasure.
 37395 | D:14     | Reached skill level 13 in Translocations
 37604 | D:14     | Noticed Frances
 37612 | D:14     | Killed Frances
 37812 | D:14     | Reached skill level 14 in Translocations
 38317 | D:14     | Found a gate to the Vaults.
 39010 | D:14     | Identified the +12 quarterstaff "Immet" {holy, Int+4 SInv}
 39135 | D:15     | Entered Level 15 of the Dungeon
 39161 | D:15     | Found a staircase to the Depths.
 39178 | D:15     | Reached skill level 13 in Shapeshifting
 39284 | D:15     | Acquired 398 gold pieces
 39463 | D:15     | Identified the flux talisman of Sufficient Birdsong {rElec}
 39729 | D:15     | Noticed Agnes
 39734 | D:15     | Killed Agnes
 40005 | D:15     | Found a runed translucent door.
 40008 | D:15     | Found a shimmering altar of Xom.
 40008 | D:15     | Noticed yetimobile's ghost (adept TrWr)
 40008 | D:15     | Identified the +1 quarterstaff "Usaf" {chaos, rPois Stlth+}
 40157 | D:15     | Found an opulent altar of Gozag.
 40658 | Swamp:1  | Entered Level 1 of the Swamp
 41009 | D:4      | Killed Duvessa
 41009 | D:4      | Noticed Dowan
 41013 | D:4      | Killed Dowan
 41085 | D:4      | Noticed Edmund
 41089 | D:4      | Killed Edmund
 41180 | D:4      | Noticed Natasha
 41181 | D:4      | Killed Natasha
 41249 | D:4      | Found a glowing golden altar of the Shining One.
 41420 | D:4      | Noticed Natasha
 41424 | D:4      | Killed Natasha
 41567 | D:4      | Noticed Natasha
 41574 | D:4      | Killed Natasha
 42164 | Swamp:1  | Reached skill level 14 in Shapeshifting
 42257 | Swamp:1  | Reached skill level 1 in Throwing
 42700 | Swamp:1  | Reached skill level 2 in Throwing
 43063 | Swamp:1  | Learned a level 6 spell: Dispersal
 43080 | Swamp:2  | Reached skill level 3 in Throwing
 43404 | Swamp:2  | Reached skill level 4 in Throwing
 43404 | Swamp:2  | Reached XP level 19. HP: 175/175 MP: 11/33
 43510 | Swamp:2  | Reached skill level 1 in Shields
 43510 | Swamp:2  | Identified the ring "Tufriez" {Will+ Slay+3}
 43723 | Swamp:2  | Reached skill level 2 in Shields
 44285 | Swamp:3  | Reached skill level 3 in Shields
 44468 | Swamp:3  | Reached skill level 4 in Shields
 44829 | Swamp:3  | Reached skill level 5 in Shields
 45040 | Swamp:3  | Identified the +10 trident "Beetlebane" {heavy, rElec rCorr
                  | Int+6}
 45084 | Swamp:3  | Acquired a manual of Translocations
 45235 | Swamp:3  | Reached skill level 6 in Shields
 45512 | Swamp:4  | Entered Level 4 of the Swamp
 45512 | Swamp:4  | Noticed Bai Suzhen
 45525 | Swamp:4  | Killed Bai Suzhen
 45825 | Swamp:4  | Noticed Louise
 45947 | Swamp:4  | Reached skill level 15 in Translocations
 46285 | Swamp:4  | Reached skill level 16 in Translocations
 46294 | Swamp:4  | Killed Louise
 47207 | Swamp:4  | Reached skill level 17 in Translocations
 47245 | Swamp:4  | Noticed a bone dragon
 47260 | Swamp:4  | Killed a bone dragon
 47759 | Swamp:4  | Got a decaying rune of Zot
 47947 | Swamp:4  | Found a runed translucent gate.
 47947 | Swamp:4  | Found a runed translucent gate.
 47947 | Swamp:4  | Found a runed translucent gate.
 47951 | Swamp:4  | Noticed puppykicker's ghost (adept OnSu)
 47951 | Swamp:4  | Noticed peterlawrence's ghost (adept MiFi)
 48218 | Elf:1    | Entered Level 1 of the Elven Halls
 48557 | Elf:1    | Noticed Asterion
 48564 | Elf:1    | Killed Asterion
 49302 | Elf:1    | Reached skill level 17 in Unarmed Combat
 49464 | Elf:2    | Reached XP level 20. HP: 165/183 MP: 19/34
 49534 | Elf:2    | Reached skill level 13 in Stealth
 49556 | Elf:2    | Reached skill level 14 in Stealth
 49938 | Elf:2    | Reached skill level 15 in Stealth
 50168 | Elf:2    | Found a runed translucent gate.
 50169 | Elf:2    | Found a runed translucent gate.
 50169 | Elf:2    | Found a runed translucent gate.
 50741 | Elf:3    | Entered Level 3 of the Elven Halls
 50926 | Elf:3    | Reached skill level 16 in Stealth
 51192 | Elf:3    | Found Jeklat's Distillery.
 51198 | Elf:3    | Bought a potion of invisibility for 112 gold pieces
 51198 | Elf:3    | Bought a potion of heal wounds for 70 gold pieces
 51198 | Elf:3    | Bought a potion of cancellation for 112 gold pieces
 51598 | Elf:3    | Reached skill level 17 in Stealth
 52031 | Elf:3    | Identified the amulet of Ataerig {Spirit rF+ rN+}
 52066 | Elf:3    | Identified the +7 dagger "Concordance" {freeze, rCorr
                  | Str+2}
 52083 | Elf:3    | Reached skill level 18 in Stealth
 52117 | Elf:3    | Found the ring of the Octopus King {HP+2 MP+9 AC+2 EV+2
                  | SH+2}
 52242 | Elf:3    | Reached skill level 19 in Stealth
 52369 | Elf:3    | Identified the +1 halberd "Itaass" {antimagic, Int+4}
 52845 | Elf:3    | Identified the +0 chain mail of Mirth {-Cast Fly rN++}
 52852 | Elf:3    | Reached skill level 20 in Stealth
 53304 | Elf:3    | Identified the staff of Irrepressible Laughter {rF+ rC+
                  | Ice}
 53323 | Elf:3    | Identified the +8 orcbow "Ihel" {flame, +Blink rElec Dex+2}
 53375 | Elf:3    | Identified the +2 pair of gloves of Uskayaw's Regard {-Cast
                  | rC+ rN+++ Dex+3}
 53376 | Elf:3    | Identified the staff "Astriukk" {rElec rPois rC- Str+4 Tloc
                  | Air}
 53905 | Vaults:1 | Entered Level 1 of the Vaults
 54211 | Vaults:1 | Found a runed translucent gate.
 54211 | Vaults:1 | Found a runed translucent gate.
 54212 | Vaults:1 | Found a runed translucent gate.
 54213 | Vaults:1 | Noticed Yore's ghost (adept GrFi)
 54249 | Vaults:1 | Reached skill level 21 in Stealth
 54337 | Vaults:1 | HP: 17/183 [war gargoyle/spray of metal splinters[a
                  | peacekeeper] (63)]
 54338 | Vaults:1 | Mangled by a war gargoyle

Vanquished Creatures
  Bai Suzhen (Swamp:4)
  Nikola (Snake:1)
  A bone dragon (Swamp:4)
  Jorgrun (D:11)
  Rupert (D:12)
  A deep elf master archer (Elf:3)
  2 deep elf blademasters (Elf:3)
  Asterion (Elf:1)
  Frances (D:14)
  Kirke (Lair:4)
  Aizul (Snake:4)
  A thorn hunter (Swamp:1)
  Agnes (D:15)
  10 nagarajas (Snake:4)
  Louise (Swamp:4)
  2 deep elf sorcerers (Elf:3)
  An orc warlord (Orc:1)
  2 deep elf elementalists (Elf:3)
  An ironbound preserver (Vaults:1)
  4 deep elf demonologists (Elf:3)
  11 deep elf death magi
  8 deep elf annihilators (Elf:3)
  8 bunyips
  4 eleionomae
  4 dire elephants (Vaults:1)
  Snorg (D:11)
  4 deep elf high priests (Elf:3)
  2 ettins
  A shambling mangrove (Swamp:3)
  A great orb of eyes (Vaults:1)
  7 salamander tyrants
  4 vault guards (D:14)
  2 yaktaur captains (Vaults:1)
  A merfolk avatar (Lair:5)
  Harold (Lair:1)
  2 rakshasas (D:14)
  2 ghost crabs (Swamp:4)
  5 ogre magi
  11 hydras
  2 ironbound frosthearts (Vaults:1)
  6 centaur warriors
  10 anacondas
  A boulder beetle (D:14)
  7 death yaks
  4 death knights (D:14)
  9 alligators
  14 two-headed ogres
  21 naga warriors
  2 tengu warriors (D:14)
  11 dancing weapons
  13 naga sharpshooters
  2 shock serpents
  2 orc high priests
  10 deep elf knights
  A skeletal warrior (D:14)
  8 spriggans
  2 skysharks
  2 fire crabs (Lair:4)
  8 goliath frogs
  4 salamander mystics
  A deep troll (D:15)
  7 bog bodies
  A death drake (Swamp:4)
  7 spriggan druids
  7 mana vipers
  2 naga ritualists (Snake:2)
  A lindwurm (Vaults:1)
  A phantasmal warrior (Swamp:4)
  Pikel (D:7)
  24 deep elf pyromancers
  18 deep elf archers
  2 swamp dragons
  9 orc knights
  3 spectral hydras (Swamp:4)
  2 alligator zombies (Swamp:4)
  2 spectral alligators (Swamp:4)
  3 necromancers
  5 orc sorcerers
  22 deep elf zephyrmancers
  A human zombie (Vaults:1)
  19 salamanders
  A wolf spider (Lair:1)
  3 manticores
  8 cyclopes
  15 ugly things
  5 will-o-the-wisps
  15 elephants
  4 meliai
  A meliai (shapeshifter) (D:15)
  A vault sentinel (Vaults:1)
  7 guardian serpents
  A black mamba (shapeshifter) (D:14)
  22 naga magi
  3 kobold blastminers
  2 ice statues (IceCv)
  35 black mambas
  A torpor snail (Lair:2)
  Maggie (D:7)
  10 komodo dragons
  17 cane toads
  4 rime drakes
  Psyche (D:12)
  A tengu conjurer (D:15)
  2 efreet
  2 freezing wraiths
  4 kobold demonologists
  4 swamp worm zombies (Swamp:4)
  An anaconda simulacrum (IceCv)
  2 ice devils (IceCv)
  3 bloated husks (Swamp:4)
  A polar bear (shapeshifter) (D:14)
  5 trolls
  2 polar bears (Lair:5)
  3 hydra zombies (Swamp:4)
  3 queen bees (shapeshifter)
  13 tyrant leeches
  A blink frog (shapeshifter) (Elf:3)
  14 hornets
  Prince Ribbit (D:7)
  47 blink frogs
  A snapping turtle (Lair:5)
  10 dream sheep
  2 spectral swamp dragons (Swamp:4)
  3 water elementals
  2 air elementals
  12 slime creatures
  4 wraiths
  2 shadows
  5 centaur simulacra (D:14)
  4 wyverns
  4 fire elementals
  A basilisk (shapeshifter) (D:14)
  A hog (shapeshifter) (D:14)
  74 yaks
  A hog (Lair:4)
  3 steam dragons
  3 basilisks (D:14)
  5 tyrant leech zombies (Swamp:4)
  9 vampire mosquitoes
  8 wargs
  A death yak simulacrum (Orc:1)
  2 harpy simulacra (IceCv)
  18 swamp worms
  Edmund (D:4)
  An elf skeleton (Vaults:1)
  47 nagas
  15 water moccasins
  Duvessa (D:4)
  An acid dragon (D:12)
  4 black bears
  4 swamp dragon zombies (Swamp:4)
  A swamp drake (shapeshifter) (D:14)
  4 swamp drakes (Swamp:1)
  An ice beast (D:5)
  2 sky beasts (D:7)
  31 orc warriors
  14 ogres
  9 wolves
  17 centaurs
  An ogre (shapeshifter) (D:15)
  5 boggarts (D:15)
  A lemure (D:7)
  12 phantoms
  15 kobold brigands
  15 bullfrogs
  A two-headed ogre simulacrum (Orc:1)
  3 cane toad simulacra
  A gnoll sergeant (D:8)
  2 earth elementals (Elf:1)
  A scorpion (D:5)
  9 wights
  Dowan (D:4)
  9 killer bees
  An electric eel (Lair:4)
  5 howler monkeys
  3 lava snakes (Lair:3)
  16 orc priests
  6 hounds
  3 bombardier beetles
  3 gnoll boudas
  2 jellies
  An iguana (shapeshifter) (D:14)
  3 iguanas
  Natasha (thrice) (D:4)
  19 orc wizards
  A polar bear simulacrum (Orc:1)
  4 troll simulacra (IceCv)
  4 spriggan simulacra
  2 wolf simulacra
  Robin (D:3)
  29 gnolls
  13 adders
  A naga simulacrum (IceCv)
  2 shadow imps
  3 white imps (D:6)
  2 ufetubi (IceCv)
  2 dart slugs (D:1)
  A ribbon worm (D:2)
  88 orcs
  5 endoplasms
  2 giant cockroaches (D:3)
  8 hobgoblins
  14 jackals (D:4)
  38 kobolds
  5 quokkas
  A ball python (D:3)
  5 bats
  4 frilled lizards
  15 goblins
  3 rats (D:1)
1379 creatures vanquished.

Vanquished Creatures (others)
  A deep elf knight (Elf:3)
  2 humans (Lair:4)
  A naga (Snake:1)
  A bullfrog (Lair:4)
  A butterfly (D:8)
  29 foxfires
35 creatures vanquished.

Grand Total: 1414 creatures vanquished

Table legend: (Time is in decaauts)
 A = Elapsed time spent in this place.
 B = Non-inter-level travel time spent in this place.
 C = Inter-level travel time spent in this place.
 D = Time resting spent in this place.
 E = Time spent auto-exploring this place.
 F = Levels seen in this place.
 G = Mean time per level.
                   A        B        C        D        E       F      G
               +--------+--------+--------+--------+--------+-----+--------+
         Total |  93222 |  85426 |   7796 |  12615 |  58684 |  37 | 2519.5 |
       Dungeon |  34336 |  30901 |   3435 |   2239 |  24332 |  15 | 2289.1 |
        Temple |    188 |    149 |     39 |    145 |      0 |   1 |  188.0 |
          Lair |  18210 |  15819 |   2391 |   2441 |  11248 |   5 | 3642.0 |
         Swamp |   9179 |   8734 |    445 |   1206 |   5900 |   4 | 2294.8 |
     Snake Pit |  14784 |  14134 |    650 |   4343 |   7089 |   4 | 3696.0 |
  Orcish Mines |   4569 |   4201 |    368 |    329 |   3051 |   2 | 2284.5 |
   Elven Halls |   9470 |   9004 |    466 |    894 |   6440 |   3 | 3156.7 |
        Vaults |    705 |    705 |      0 |    185 |    323 |   1 |  705.0 |
        Bailey |   1079 |   1079 |      0 |    452 |    252 |   1 | 1079.0 |
      Ice Cave |    697 |    697 |      0 |    377 |     46 |   1 |  697.0 |
               +--------+--------+--------+--------+--------+-----+--------+

Top non-repeatable levels by time:
 Snake:4: 5088 daAuts
   Elf:3: 4787 daAuts
  Lair:3: 4304 daAuts
  Lair:2: 3950 daAuts
 Snake:3: 3924 daAuts
  Lair:1: 3665 daAuts
    D:14: 3609 daAuts
 Snake:2: 3441 daAuts
    D:11: 3350 daAuts
  Lair:4: 3183 daAuts
    D:15: 3177 daAuts
  Lair:5: 3105 daAuts
     D:4: 2905 daAuts
 Swamp:4: 2878 daAuts
    D:13: 2786 daAuts

Table legend:
 A = Non-vault XP
 B = Vault XP
 C = Vault XP percentage of total XP
 D = Non-vault monster count
 E = Vault monster count
 F = Vault count percentage of total count
                 A         B        C        D         E       F
            +---------+---------+-------+---------+---------+-------
      Total |  302205 |  187177 |  38.2 |     911 |     468 |  33.9
            +---------+---------+-------+---------+---------+-------
        D:1 |      34 |       0 |   0.0 |      19 |       0 |   0.0
        D:2 |      44 |       0 |   0.0 |      10 |       0 |   0.0
        D:3 |      36 |      37 |  50.7 |      14 |      12 |  46.2
        D:4 |     278 |    1025 |  78.7 |      15 |      56 |  78.9
        D:5 |     980 |       2 |   0.2 |      24 |       1 |   4.0
        D:6 |    1323 |     718 |  35.2 |      26 |      10 |  27.8
        D:7 |    1140 |    1348 |  54.2 |      16 |       3 |  15.8
        D:8 |    1646 |       0 |   0.0 |      26 |       0 |   0.0
        D:9 |    2583 |       0 |   0.0 |      31 |       0 |   0.0
       D:10 |    2740 |       0 |   0.0 |      24 |       0 |   0.0
       D:11 |    2081 |    2915 |  58.3 |      14 |       2 |  12.5
       D:12 |    6646 |    2058 |  23.6 |      30 |       2 |   6.2
       D:13 |    5968 |       0 |   0.0 |      25 |       0 |   0.0
       D:14 |   13402 |   22181 |  62.3 |      27 |      38 |  58.5
       D:15 |   10092 |    4116 |  29.0 |      27 |       6 |  18.2
     Lair:1 |   10238 |    3026 |  22.8 |      43 |      11 |  20.4
     Lair:2 |    4462 |       0 |   0.0 |      22 |       0 |   0.0
     Lair:3 |    8959 |    2639 |  22.8 |      31 |       8 |  20.5
     Lair:4 |    9912 |    9668 |  49.4 |      36 |      18 |  33.3
     Lair:5 |   19265 |    6398 |  24.9 |      53 |      17 |  24.3
    Swamp:1 |   11441 |     421 |   3.5 |      25 |       3 |  10.7
    Swamp:2 |   11372 |       0 |   0.0 |      24 |       0 |   0.0
    Swamp:3 |   19128 |       0 |   0.0 |      31 |       0 |   0.0
    Swamp:4 |   14403 |   21868 |  60.3 |      28 |      47 |  62.7
    Snake:1 |   14141 |    2572 |  15.4 |      31 |       1 |   3.1
    Snake:2 |   27427 |       0 |   0.0 |      51 |       0 |   0.0
    Snake:3 |   13408 |       0 |   0.0 |      33 |       0 |   0.0
    Snake:4 |   21101 |   32187 |  60.4 |      41 |      41 |  50.0
      Orc:1 |    2896 |    6284 |  68.5 |      20 |      36 |  64.3
      Orc:2 |    3001 |   14280 |  82.6 |      15 |      61 |  80.3
      Elf:1 |   10454 |    6536 |  38.5 |      20 |      10 |  33.3
      Elf:2 |   22757 |    4960 |  17.9 |      38 |       6 |  13.6
      Elf:3 |   23138 |   30724 |  57.0 |      35 |      28 |  44.4
   Vaults:1 |    5709 |    6203 |  52.1 |       6 |       9 |  60.0
     Bailey |       0 |    2453 | 100.0 |       0 |      24 | 100.0
      IceCv |       0 |    2558 | 100.0 |       0 |      18 | 100.0
            +---------+---------+-------+---------+---------+-------
